 Dungeon Crawl Stone Soup version 0.20.1-1-g8b1a95d (webtiles) character file.

7702 vineage the Covered (level 11, -8/66 HPs)
             Began as a Demonspawn Gladiator on Sept 1, 2017.
             Was a High Priest of Okawaru.
             Mangled by an orc knight
             ... wielding a +1 long sword
              (22 damage)
             ... on level 2 of the Orcish Mines.
             The game lasted 00:15:51 (8089 turns).

vineage the Covered (Demonspawn Gladiator)          Turns: 8089, Time: 00:15:52

Health: -8/66      AC: 15    Str: 25 (26) XL:     11   Next: 0%
Magic:  0/11       EV: 20    Int:  9 (10) God:    Okawaru [*****.]
Gold:   342        SH:  0    Dex: 18      Spells: 10/10 levels left

rFire    + . .     SeeInvis .   x - +8 spear of Ukkoblyi {pierce, -Tele +Rage rF+ Str+3}
rCold    . . .     Gourm    .   (no shield)
rNeg     + . .     Faith    .   m - +2 leather armour of Impressiveness {rN+ Dex+4 Slay+2}
rPois    .         Spirit   +   i - +2 hat
rElec    .         Reflect  .   (no cloak)
rCorr    .         Harm     .   q - +1 pair of gloves
MR       .....     Rnd*Rage +   (boots unavailable) Stlth +++++.....NoTele +
                                l - amulet of guardian spirit
Regen    0.3/turn               (no ring)
MPRegen  0.2/turn               (no ring)

@: mighty, heroism
A: hooves 3, iridescent scales 2, berserk 1, deterioration 1, frail 2,
nightstalker 1, spiny 1, evolution 1, no potion heal 1
a: Heroism, Finesse, Renounce Religion, Evoke Berserk Rage


You were on level 2 of the Orcish Mines.
You worshipped Okawaru.
Okawaru was extremely pleased with you.
You were hungry.

You visited 3 branches of the dungeon, and saw 12 of its levels.

You collected 704 gold pieces.
You spent 362 gold pieces at shops.

Inventory:

Hand Weapons
 a - a +1 long sword
 x - the +8 spear of Ukkoblyi (weapon) {pierce, -Tele +Rage rF+ Str+3}
   (You found it on level 5 of the Dungeon)

   It inflicts extra damage upon your enemies.
   It affects your strength (+3).
   It protects you from fire.
   It lets you go berserk.
   It prevents most forms of teleportation.
Missiles
 d - 3 throwing nets (quivered)
 J - 5 javelins of penetration
Armour
 b - a +0 leather armour
 c - a +0 helmet
 i - a +2 hat (worn)
 m - the +2 leather armour of Impressiveness (worn) {rN+ Dex+4 Slay+2}
   (You bought it in a shop on level 8 of the Dungeon)

   It affects your dexterity (+4).
   It affects your accuracy and damage with ranged weapons and melee attacks
   (+2).
   It protects you from negative energy.
 q - a +1 pair of gloves (worn)
 w - a +0 scale mail
 y - a +0 scale mail
Jewellery
 l - an amulet of guardian spirit (around neck)
 A - an uncursed ring of positive energy {unknown}
 E - a cursed +3 ring of intelligence {unknown}
Wands
 p - a wand of polymorph (8/24)
 B - a wand of flame (24/48)
Scrolls
 j - 4 scrolls of blinking
 o - a scroll of magic mapping
 r - 4 scrolls of remove curse
 s - a scroll of fear
 v - 2 scrolls of enchant weapon
 z - 2 scrolls of teleportation
 D - a scroll of identify
 F - a scroll of silence {unknown}
 G - a scroll of noise {unknown}
Potions
 g - 2 potions of curing
 n - 3 potions of magic
 C - a potion of agility
 H - a potion of brilliance
Books
 e - a book of Maledictions

   Spells                             Type                      Level
   a - Corona                         Hexes                        1
   b - Ensorcelled Hibernation        Hexes/Ice                    2
   c - Confuse                        Hexes                        3
   d - Tukima's Dance                 Hexes                        3
   e - Dazzling Spray                 Conjuration/Hexes            3
Comestibles
 f - 7 bread rations
 h - 7 meat rations
 k - 18 fruits
 t - 5 royal jellies


   Skills:
 + Level 6.6(11.6) Fighting
 + Level 7.1(12.1) Long Blades
 + Level 6.7(11.7) Polearms
 + Level 1.9(6.9) Throwing
 + Level 7.4(12.4) Armour
 + Level 6.0(11.0) Dodging
 + Level 6.2(11.2) Stealth


You had 10 spell levels left.
You didn't know any spells.

Dungeon Overview and Level Annotations

Branches:
Dungeon (9/15)             Temple (1/1) D:6             Orc (2/2) D:9
   Lair: D:8-11         Elf: Orc:2

Altars:
Ashenzari
Cheibriados
Dithmenos
Elyvilon
Fedhas
Hepliaklqana
Kikubaaqudgha
Makhleb
Nemelex Xobeh
Okawaru
Qazlal
Ru
Sif Muna
Trog
Uskayaw
Vehumet
Xom
Yredelemnul
Zin
The Shining One

Shops:
D:6 (   D:8 [


Innate Abilities, Weirdness & Mutations

You have hooves in place of feet.
You are mostly covered in iridescent scales. (AC +4)
You are slightly more attuned to the shadows.
You are partially covered in sharp spines.
You tend to lose your temper in combat.
Your body sometimes deteriorates upon taking damage.
You are very frail. (-20% HP)
You evolve.
Potions are less effective at restoring your health.


Message History

Your system partially rejects the healing.
You feel better.
The orc knight shoots a bolt.
The bolt hits you but does no damage.
Your system partially rejects the healing.
You feel better.
The orc knight shoots a bolt.
The bolt hits you!!
* * * LOW HITPOINT WARNING * * *
Your body deteriorates!
You feel weakened.
The orc knight shoots a bolt.
The bolt barely misses you.
The orc knight shoots a bolt.
The bolt hits you but does no damage.
You see here a bolt.
The orc knight unwields an uncursed arbalest.
The orc knight wields an uncursed enchanted long sword.
The orc knight closely misses you.
There is a stone staircase leading up, spattered with blood here.
You see here a bolt.
You impale the orc knight!!
The orc knight is heavily wounded.
The orc knight is struck by your spines.
The orc knight hits you with an uncursed enchanted long sword!!
You die...

....# .....
..... .....
.....# ##.....
......####.....
......#.....#
#...o...###
#...@<(..(#
#......#####
##.....#
###.#.# ###.#
###


You could see an orc knight.

Vanquished Creatures
  A hydra (D:9)
  An orc high priest (Orc:1)
  The ghost of Targos the Cudgeler, a novice HuWr of Kikubaaqudgha (D:7)
  Joseph (D:7)
  2 dream sheep (D:9)
  Grinder (D:3)
  A hippogriff (D:7)
  Sigmund (D:3)
  2 yaks (D:9)
  A hungry ghost (D:8)
  2 water moccasins
  2 sky beasts
  3 ice beasts
  A phantom (D:6)
  7 orc warriors
  3 ogres
  2 centaurs
  4 big kobolds
  5 bullfrogs
  A scorpion (D:6)
  4 killer bees (D:7)
  9 wights
  A bullfrog zombie (D:8)
  2 hounds
  A quasit (D:9)
  A jelly (D:6)
  8 orc priests
  A bullfrog skeleton (D:6)
  6 orc wizards
  Terence (D:3)
  An iguana (D:6)
  8 worker ants
  2 hound skeletons
  2 worker ant zombies
  Robin (D:3)
  6 gnolls
  A howler monkey skeleton (D:6)
  5 adders
  4 shadow imps
  An ooze (D:1)
  2 adder skeletons
  5 worms
  2 dart slugs
  5 leopard geckos
  38 orcs
  3 giant cockroaches
  8 hobgoblins
  7 jackals
  4 quokkas
  12 bats
  2 frilled lizards
  8 goblins
  A jackal zombie (D:6)
  13 kobolds
  4 rats (D:1)
221 creatures vanquished.

Notes
Turn   | Place    | Note
-------+----------+-------------------------------------------
     0 | D:1      | vineage the Demonspawn Gladiator began the quest for the Orb.
     0 | D:1      | Reached XP level 1. HP: 16/16 MP: 1/1
   356 | D:1      | Gained mutation: You are partially covered in iridescent scales. (AC +2) [demonic ancestry]
   356 | D:1      | Reached XP level 2. HP: 17/22 MP: 2/2
   817 | D:2      | Gained mutation: You have large cloven feet. [demonic ancestry]
   817 | D:2      | Reached XP level 3. HP: 25/27 MP: 3/3
   870 | D:2      | Reached skill level 1 in Armour
  1058 | D:2      | Gained mutation: You are slightly more attuned to the shadows. [demonic ancestry]
  1058 | D:2      | Reached XP level 4. HP: 23/34 MP: 4/4
  1605 | D:3      | Noticed Sigmund
  1635 | D:3      | Killed Sigmund
  1635 | D:3      | Gained mutation: You have hoof-like feet. [demonic ancestry]
  1635 | D:3      | Reached XP level 5. HP: 41/41 MP: 5/5
  1635 | D:3      | Gained mutation: You are partially covered in sharp spines. [demonic ancestry]
  1635 | D:3      | Reached XP level 6. HP: 47/47 MP: 6/6
  1787 | D:3      | Noticed Grinder
  1813 | D:3      | Killed Grinder
  1813 | D:3      | Reached skill level 5 in Long Blades
  1813 | D:3      | Reached skill level 1 in Stealth
  2111 | D:3      | Noticed Terence
  2136 | D:3      | Killed Terence
  2140 | D:3      | Reached XP level 7. HP: 40/52 MP: 7/7
  2208 | D:3      | Noticed Robin
  2222 | D:3      | Killed Robin
  3268 | D:4      | Found a bloodstained altar of Trog.
  3268 | D:4      | Found a hide-covered altar of Uskayaw.
  3481 | D:5      | Entered Level 5 of the Dungeon
  3792 | D:5      | Found a white marble altar of Elyvilon.
  3822 | D:5      | Got a brightly glowing spear
  3848 | D:5      | Identified the +8 spear of Ukkoblyi {pierce, -Tele +Rage rF+ Str+3} (You found it on level 5 of the Dungeon)
  3893 | D:6      | Found a staircase to the Ecumenical Temple.
  3907 | Temple   | Entered the Ecumenical Temple
  3976 | Temple   | Became a worshipper of Warmaster Okawaru
  4031 | D:6      | Reached XP level 8. HP: 36/60 MP: 4/8
  4112 | D:6      | Reached skill level 1 in Polearms
  4185 | D:6      | Found Huxtyth's Weapon Emporium.
  4264 | D:6      | Reached * piety under Okawaru
  4271 | D:6      | HP: 4/90 [shadow imp/nerve-wracking pain (12)]
  4274 | D:6      | HP: 1/90 [phantom (2)]
  4281 | D:6      | Gained mutation: You tend to lose your temper in combat. [potion of mutation]
  4281 | D:6      | Gained mutation: You evolve. [potion of mutation]
  4281 | D:6      | Gained mutation: You are mostly covered in iridescent scales. (AC +4) [potion of mutation]
  4281 | D:6      | HP: 1/60 [phantom (2)]
  4501 | D:6      | Gained mutation: You are frail. (-10% HP) [mutagenic meat]
  4502 | D:6      | Gained mutation: Potions are less effective at restoring your health. [mutagenic meat]
  4504 | D:6      | Gained mutation: You are very frail. (-20% HP) [mutagenic meat]
  4771 | D:7      | Reached ** piety under Okawaru
  4772 | D:7      | Gained mutation: You have hooves in place of feet. [demonic ancestry]
  4772 | D:7      | Reached XP level 9. HP: 17/52 MP: 9/9
  4974 | D:7      | Noticed Targos's ghost (novice HuWr)
  4984 | D:7      | Killed Targos's ghost
  4984 | D:7      | Reached skill level 5 in Armour
  4984 | D:7      | Reached skill level 5 in Dodging
  4997 | D:7      | Noticed Joseph
  5006 | D:7      | Killed Joseph
  5030 | D:7      | Reached *** piety under Okawaru
  5030 | D:7      | Reached skill level 5 in Fighting
  5667 | D:7      | Reached skill level 5 in Polearms
  5869 | D:8      | Found Xiuj's Antique Armour Boutique.
  5883 | D:8      | Bought a translucent leather armour for 175 gold pieces
  5883 | D:8      | Bought a pair of embroidered gloves for 187 gold pieces
  5893 | D:8      | Identified the +2 leather armour of Impressiveness {rN+ Dex+4 Slay+2} (You bought it in a shop on level 8 of the Dungeon)
  6317 | D:8      | Mutation became permanent: You are partially covered in iridescent scales. (AC +2) [demonic ancestry]
  6317 | D:8      | Gained mutation: You are mostly covered in iridescent scales. (AC +4) [demonic ancestry]
  6317 | D:8      | Reached XP level 10. HP: 57/60 MP: 10/10
  6516 | D:8      | Gained mutation: Your body sometimes deteriorates upon taking damage. [evolution]
  6887 | D:9      | Reached **** piety under Okawaru
  7028 | D:9      | Found a shimmering altar of Xom.
  7029 | D:9      | Found a shimmering altar of Xom.
  7030 | D:9      | Found a shimmering altar of Xom.
  7030 | D:9      | Found a shimmering altar of Xom.
  7030 | D:9      | Found a shimmering altar of Xom.
  7079 | D:9      | Found a staircase to the Orcish Mines.
  7407 | D:9      | Received a gift from Okawaru
  7461 | D:9      | Noticed a two-headed hydra
  7470 | D:9      | Killed a two-headed hydra
  7470 | D:9      | Received a gift from Okawaru
  7470 | D:9      | Reached skill level 5 in Stealth
  7655 | Orc:1    | Entered Level 1 of the Orcish Mines
  7673 | Orc:1    | Noticed an orc high priest
  7683 | Orc:2    | Entered Level 2 of the Orcish Mines
  7889 | Orc:1    | Killed an orc high priest
  7889 | Orc:1    | Reached ***** piety under Okawaru
  7995 | Orc:1    | Reached XP level 11. HP: 56/66 MP: 8/11
  8002 | Orc:1    | Noticed a two-headed ogre
  8003 | Orc:1    | Noticed an ogre mage
  8003 | Orc:1    | Noticed a two-headed ogre
  8070 | Orc:2    | Noticed an orc knight
  8089 | Orc:2    | Mangled by an orc knight

Skill      XL: |  1  2  3  4  5  6  7  8  9 10 |
---------------+-------------------------------+-----
Dodging        | 3 4 5 6 |  6.0
Long Blades    | 3 4 5 6 7 |  7.1
Armour         | 1 2 4 6 7 |  7.4
Fighting       | 3 4 5 6 |  6.6
Stealth        | 1 2 3 6 |  6.2
Polearms       | 3 5 6 |  6.7
Throwing       | |  1.9

Action                   |  1- 3 |  4- 6 |  7- 9 | 10-12 || total
-------------------------+-------+-------+-------+-------++-------
Melee: Long sword        |    92 |    96 |    88 |       ||   276
       Kick              |    11 |    20 |    68 |    30 ||   129
       Spear             |       |       |   175 |   106 ||   281
Invok: Heroism           |       |       |       |     1 ||     1
  Use: Potion            |     1 |     1 |     5 |     6 ||    13
       Scroll            |       |     3 |    11 |       ||    14
 Stab: Sleeping          |     1 |     2 |     4 |     9 ||    16
       Distracted        |       |       |     1 |       ||     1
  Eat: Chunk             |       |     4 |    18 |     5 ||    27
Armor: Leather armour    |    40 |    11 |    19 |    13 ||    83
       Skin              |       |    18 |       |       ||    18
       Scale mail        |       |       |    75 |       ||    75
Dodge: Dodged            |    80 |    47 |   135 |    46 ||   308
       Rpst.: Long sword |    23 |    16 |    11 |       ||    50
